 Dungeon Crawl Stone Soup version 0.21.1-1-g345015f (webtiles) character file.

10658 inc the Carver (level 11, -6/71 HPs)
             Began as an Octopode Fighter on Apr 24, 2018.
             Was an Elder of Nemelex Xobeh.
             Mangled by a basilisk (19 damage)
             ... on level 12 of the Dungeon.
             The game lasted 00:27:40 (11789 turns).

inc the Carver (Octopode Fighter)                  Turns: 11789, Time: 00:27:41

Health: -6/71      AC:  1    Str: 23    XL:     11   Next: 65%
Magic:  16/16      EV: 10    Int:  6    God:    Nemelex Xobeh [****..]
Gold:   499        SH: 25    Dex: 14    Spells: 10/10 levels left

rFire    . . .     SeeInvis .   D - +3 demon blade
rCold    . . .     Gourm    .   i - +10 large shield of Ignorance {rN+ Int-4}
rNeg     + . .     Faith    +   (helmet restricted)
rPois    .         Spirit   .   u - amulet of faith
rElec    .         Reflect  .   h - +6 ring of strength
rCorr    .         Harm     .   (no ring)
MR       .....                  (no ring)
Stlth    ++........             (no ring)
HPRegen  0.21/turn              (no ring)
MPRegen  0.15/turn              (no ring)
                                (no ring)
                                (no ring)

@: no status effects
A: almost no armour, stealthy swim, amphibious, 8 rings, constrict 8, camouflage
1, gelatinous body 1
a: Triple Draw, Deal Four, Renounce Religion


You were on level 12 of the Dungeon.
You worshipped Nemelex Xobeh.
Nemelex Xobeh was greatly pleased with you.
You were very hungry.

You visited 2 branches of the dungeon, and saw 13 of its levels.

You collected 889 gold pieces.
You spent 390 gold pieces at shops.

Inventory:

Hand Weapons
 a - a +0 flail
 g - a +4 mace of crushing
 D - a +3 demon blade (weapon)
Armour
 b - a +1 shield
 i - the +10 large shield of Ignorance (worn) {rN+ Int-4}
   (You acquired it on level 8 of the Dungeon)

   It affects your intelligence (-4).
   It protects you from negative energy.
Jewellery
 h - a +6 ring of strength (left tentacle)
 u - an amulet of faith (around mantle)
 L - an uncursed ring of magical power {unknown}
 O - a cursed ring of loudness {unknown}
Wands
 y - a wand of acid (17)
 H - a wand of clouds (5)
 M - a wand of digging (8)
 N - a wand of enslavement (14)
Scrolls
 e - 8 scrolls of fog
 f - 5 scrolls of teleportation
 k - 5 scrolls of fear
 l - a scroll of amnesia
 n - 4 scrolls of remove curse
 C - 4 scrolls of enchant weapon
 E - 11 scrolls of identify
 Q - a scroll of magic mapping
 S - a scroll of vulnerability {unknown}
Potions
 c - 4 potions of might
 j - a potion of agility
 m - a potion of invisibility
 o - 3 potions of curing
 p - a potion of resistance
 q - 3 potions of haste
 s - a potion of degeneration {unknown}
 w - 3 potions of ambrosia
 x - a potion of berserk rage
 B - 3 potions of cancellation {unknown}
 G - a potion of lignification {unknown}
 R - a potion of mutation {unknown}
Books
 t - a book of Conjurations

   Spells                             Type                      Level
   a - Magic Dart                     Conjuration                  1
   b - Searing Ray                    Conjuration                  2
   c - Dazzling Spray                 Conjuration/Hexes            3
   d - Fulminant Prism                Conjuration/Hexes            4
   e - Force Lance                    Conjuration/Translocation    4
   f - Iskenderun's Mystic Blast      Conjuration                  4
 z - a book of Alchemy

   Spells                             Type                      Level
   a - Sublimation of Blood           Necromancy                   2
   b - Ignite Poison                  Fire/Transmutation/Poison    3
   c - Petrify                        Transmutation/Earth          4
   d - Alistair's Intoxication        Transmutation/Poison         5
   e - Irradiate                      Conjuration/Transmutation    5
 F - a book of Maledictions

   Spells                             Type                      Level
   a - Corona                         Hexes                        1
   b - Ensorcelled Hibernation        Hexes/Ice                    2
   c - Confuse                        Hexes                        3
   d - Tukima's Dance                 Hexes                        3
   e - Dazzling Spray                 Conjuration/Hexes            3
 I - a book of Clouds

   Spells                             Type                      Level
   a - Poisonous Vapours              Poison/Air                   2
   b - Mephitic Cloud                 Conjuration/Poison/Air       3
   c - Conjure Flame                  Conjuration/Fire             3
   d - Freezing Cloud                 Conjuration/Ice/Air          6
   e - Ring of Flames                 Charms/Fire                  7
Miscellaneous
 r - a plain deck of summoning {drawn: 2}
 v - a plain deck of escape {drawn: 4}
 A - a plain deck of escape
 J - a plain deck of summoning {drawn: 1}
 K - a plain deck of destruction {drawn: 1}
 P - a legendary deck of destruction
Comestibles
 d - 12 rations


   Skills:
 - Level 5.1 Fighting
 + Level 13.8 Long Blades
 - Level 6.6 Maces & Flails
 - Level 3.0 Dodging
 - Level 4.9 Shields
 - Level 7.5 Invocations


You had 10 spell levels left.
You didn't know any spells.

Dungeon Overview and Level Annotations

Branches:
Dungeon (12/15)            Temple (1/1) D:4            Lair (0/6) D:8
    Orc (0/2) D:9

Altars:
Ashenzari
Cheibriados
Dithmenos
Elyvilon
Fedhas
Gozag
Hepliaklqana
Kikubaaqudgha
Makhleb
Nemelex Xobeh
Okawaru
Qazlal
Ru
Sif Muna
Trog
Uskayaw
Vehumet
Wu Jian
Xom
Yredelemnul
Zin
The Shining One

Shops:
D:6 [   D:7 (   D:10 =[*

Annotations:
D:3 Tiareth's ghost, amateur DgTm


Innate Abilities, Weirdness & Mutations

You cannot wear most types of armour.
You are very stealthy in the water. (Stealth+)
You are amphibious.
You can wear up to eight rings at the same time.
You can use your tentacles to constrict eight enemies at once.
Your skin changes colour to match your surroundings (Stealth+).
Your rubbery body absorbs attacks. (AC +1, EV +1)


Message History

Freezing gases pour from the yak's front hooves!
The acid dragon is blasted with magical energy!
You feel a surge of magic.
Your wyvern bites the yak!
Unknown command.
You slash the yak!
You kill the yak!
The yak gores you! You block the yak's attack. The basilisk gazes at you.
You resist with some effort.
You see here a yak corpse.
Unknown command.
You slice the yak!!
You kill the yak!
You block the yak's attack. You block the basilisk's attack.
You closely miss the basilisk. You grab the basilisk.
You constrict the basilisk. The yak gores you!
* * * LOW HITPOINT WARNING * * *
The basilisk bites you!!
You die...
Your body disappears without a glow.

**,****.≈≈≈.............#####*#.#
,,,,,,*..≈≈...≈.........#######.#
*,***,*.≈≈≈...≈....≈............)
*,* *,*../≈...>..........######.#
*,* *,*..................#*,,....
*,* *,*..................#,...#..
*,* *,*......#..)........####.#..
*,* *,*.......†YDl.......# #,#..
*,* *,*#..#..###@#######.#***,#..
*,* *,,...#.....l.# #..,,*,#..
*** ***#.*#.#######*****,,*,*,*,,
*** *,*#.* *,,,,,,,,,,,*,*,, ,,**
*,**,*****,******,,*,,,,,,
,,,*****,,,,,,,,,,,,,,,,,,,**,*,,
∩,,**,,,,,*,*****,*****,*,,,,,,,,
,,,******,*,* *,* *,,,,,,,,,,,
,,** *,*,*****,* *,,**,****,,


You could see a yak, a basilisk, an acid dragon and a friendly wyvern.

Vanquished Creatures
  2 two-headed ogres (D:10)
  Pikel (D:8)
  Joseph (D:10)
  Psyche (D:10)
  Grinder (D:6)
  A hornet (D:11)
  A hippogriff (D:9)
  A spriggan (D:9)
  7 yaks
  A hungry ghost (D:9)
  A black bear (D:8)
  3 ice beasts
  5 orc warriors
  A sky beast (D:6)
  A necrophage (D:7)
  2 phantoms
  An eye of draining (D:10)
  4 ogres
  6 centaurs
  A big kobold (D:11)
  7 bullfrogs
  A gnoll sergeant (D:9)
  3 scorpions
  10 killer bees
  2 howler monkeys
  3 crimson imps
  2 jellies
  A centaur zombie (D:8)
  A quasit (D:6)
  9 orc priests
  5 hounds
  A bullfrog skeleton (D:8)
  17 orc wizards
  8 iguanas
  5 worker ants
  2 hound zombies
  A hound skeleton (D:8)
  A mummy (D:8)
  A worker ant zombie (D:9)
  4 gnolls (D:9)
  14 adders
  A shadow imp (D:10)
  2 adder skeletons
  2 worms (D:4)
  A dart slug (D:1)
  6 leopard geckos
  56 orcs
  11 bats
  7 giant cockroaches
  7 hobgoblins
  13 jackals
  5 quokkas
  2 ball pythons (D:3)
  8 frilled lizards
  A giant cockroach zombie (D:5)
  7 goblins
  7 kobolds
  3 leopard gecko skeletons
  6 rats
285 creatures vanquished.

Vanquished Creatures (collateral kills)
  A two-headed ogre (D:10)
  The ghost of Tiareth the Magician, a novice DEWr of Cheibriados (D:7)
  A phantom (D:10)
  A sky beast (D:10)
  A crimson imp (D:10)
  A goblin (D:7)
6 creatures vanquished.

Vanquished Creatures (others)
  An unseen horror (D:10)
  2 yaks (D:12)
  A slave (D:8)
  An ice beast (D:8)
  A centaur (D:12)
  A bullfrog (D:8)
  An adder zombie (D:8)
8 creatures vanquished.

Grand Total: 299 creatures vanquished

Notes
Turn   | Place    | Note
-------+----------+-------------------------------------------
     0 | D:1      | inc the Octopode Fighter began the quest for the Orb.
     0 | D:1      | Reached XP level 1. HP: 16/16 MP: 1/1
    90 | D:1      | Reached XP level 2. HP: 21/21 MP: 2/2
   363 | D:1      | Reached XP level 3. HP: 26/26 MP: 3/3
   673 | D:2      | Reached XP level 4. HP: 26/31 MP: 4/4
   812 | D:2      | Reached XP level 5. HP: 29/36 MP: 5/5
  1005 | D:2      | Found a hazy altar of Hepliaklqana.
  1425 | D:3      | Noticed Tiareth's ghost (amateur DgTm)
  1696 | D:3      | Found a stormy altar of Qazlal.
  1697 | D:3      | Found a bloodstained altar of Trog.
  2006 | D:4      | Found an ancient bone altar of Kikubaaqudgha.
  2064 | D:4      | Reached skill level 5 in Maces & Flails
  2068 | D:4      | Reached XP level 6. HP: 42/42 MP: 6/6
  2753 | D:4      | Reached XP level 7. HP: 14/46 MP: 7/7
  3073 | D:4      | Found a staircase to the Ecumenical Temple.
  3477 | Temple   | Entered the Ecumenical Temple
  3765 | D:4      | Found a sacrificial altar of Ru.
  3873 | D:5      | Entered Level 5 of the Dungeon
  3993 | Temple   | Became a worshipper of Nemelex Xobeh the Trickster
  4156 | D:5      | Received a gift from Nemelex Xobeh
  4636 | D:5      | Reached * piety under Nemelex Xobeh
  4977 | D:6      | Received a gift from Nemelex Xobeh
  5050 | D:6      | HP: 1/46 [centaur (7)]
  5051 | D:6      | Reached XP level 8. HP: 1/52 MP: 11/11
  5330 | D:6      | Reached skill level 5 in Invocations
  5357 | D:6      | Found a blossoming altar of Fedhas.
  5361 | D:6      | Noticed Grinder
  5386 | D:6      | Killed Grinder
  5486 | D:6      | Found Sysitt's Antique Armour Boutique.
  5489 | D:6      | Received a gift from Nemelex Xobeh
  5567 | D:6      | Found a white marble altar of Elyvilon.
  5615 | D:6      | Reached ** piety under Nemelex Xobeh
  6164 | D:7      | Found Fufid's Antique Weapon Boutique.
  6188 | D:7      | Noticed Tiareth's ghost (novice DEWr)
  6280 | D:7      | Bought a demon blade for 390 gold pieces
  6287 | D:7      | Reached skill level 5 in Fighting
  6287 | D:7      | Reached XP level 9. HP: 61/61 MP: 14/14
  6394 | D:7      | Reached skill level 1 in Long Blades
  6400 | D:7      | Reached skill level 2 in Long Blades
  6707 | D:7      | Killed Tiareth's ghost
  6707 | D:7      | Reached skill level 4 in Long Blades
  6708 | D:7      | Found an iron altar of Okawaru.
  6758 | D:7      | Found a shimmering altar of Xom.
  6791 | D:7      | Reached skill level 5 in Long Blades
  7007 | D:7      | Reached skill level 6 in Long Blades
  7485 | D:8      | Reached skill level 7 in Long Blades
  7653 | D:8      | Noticed Pikel
  7767 | D:8      | Reached skill level 8 in Long Blades
  7771 | D:8      | Reached XP level 10. HP: 42/66 MP: 15/15
  7776 | D:8      | Killed Pikel
  7776 | D:8      | Reached skill level 9 in Long Blades
  7780 | D:8      | HP: 3/66 [orc warrior/stone (7)]
  8348 | D:8      | Found a staircase to the Lair.
  8395 | D:8      | Received a gift from Nemelex Xobeh
  8401 | D:8      | Identified a scroll of acquirement
  8402 | D:8      | Found the +10 large shield of Ignorance {rN+ Int-4}
  8563 | D:8      | Noticed a hand axe
  8564 | D:8      | Noticed a dagger
  8566 | D:8      | Found a hide-covered altar of Uskayaw.
  8638 | D:8      | Found an opulent altar of Gozag.
  8805 | D:8      | Found a snail-covered altar of Cheibriados.
  9243 | D:9      | Reached skill level 10 in Long Blades
  9246 | D:9      | Found a staircase to the Orcish Mines.
  9247 | D:9      | Reached *** piety under Nemelex Xobeh
  9636 | D:9      | Received a gift from Nemelex Xobeh
  9825 | D:9      | Reached skill level 11 in Long Blades
 10083 | D:10     | Entered Level 10 of the Dungeon
 10085 | D:10     | Noticed Psyche
 10088 | D:10     | Noticed a two-headed ogre
 10088 | D:10     | Killed Psyche
 10097 | D:10     | Killed a two-headed ogre
 10097 | D:10     | Reached XP level 11. HP: 69/71 MP: 16/16
 10133 | D:10     | Reached skill level 12 in Long Blades
 10138 | D:10     | Noticed Joseph
 10144 | D:10     | Found Xoriaw's Jewellery Shoppe.
 10161 | D:10     | Killed Joseph
 10335 | D:10     | Killed an unseen horror
 10359 | D:10     | Noticed a two-headed ogre
 10370 | D:10     | Killed a two-headed ogre
 10565 | D:10     | Received a gift from Nemelex Xobeh
 10638 | D:10     | Noticed a two-headed ogre
 10642 | D:10     | Killed a two-headed ogre
 10642 | D:10     | Reached skill level 13 in Long Blades
 10789 | D:10     | Found Bidaatac's Antique Armour Emporium.
 10842 | D:10     | Found Vied's Assorted Antiques.
 11210 | D:11     | Reached **** piety under Nemelex Xobeh
 11265 | D:11     | Received a gift from Nemelex Xobeh
 11789 | D:12     | Mangled by a basilisk

Skill      XL: |  1  2  3  4  5  6  7  8  9 10 11 |
---------------+----------------------------------+-----
Maces & Flails | 3 4 5 6 |  6.6
Shields        | 4 |  4.9
Invocations    | 4 7 |  7.5
Fighting       | 5 |  5.1
Long Blades    | 8 11 13 | 13.8
Dodging        | |  3.0

Action                   |  1- 3 |  4- 6 |  7- 9 | 10-12 || total
-------------------------+-------+-------+-------+-------++-------
Melee: Flail             |    56 |   104 |    29 |       ||   189
       Tentacles         |    13 |    18 |    66 |    84 ||   181
       Constrict         |    19 |    26 |    49 |    62 ||   156
       Mace              |       |       |   101 |       ||   101
       Demon blade       |       |       |    81 |   290 ||   371
Evoke: Deck              |       |       |     2 |    10 ||    12
  Use: Potion            |       |     1 |     3 |     1 ||     5
       Scroll            |       |       |    16 |     8 ||    24
 Stab: Sleeping          |     6 |    10 |     5 |     6 ||    27
       Distracted        |       |     1 |       |     1 ||     2
  Eat: Chunk             |       |     5 |    12 |     8 ||    25
       Ration            |       |       |     1 |     2 ||     3
Armor: Skin              |     8 |    10 |     8 |     3 ||    29
Dodge: Dodged            |    27 |    39 |    88 |    31 ||   185
Block: Shield            |    24 |    50 |   106 |     6 ||   186
       Large shield      |       |       |       |   222 ||   222
       Rpst.: Demon blade |       |       |    11 |     5 ||    16
